 Dungeon Crawl Stone Soup version 0.31.0-4-g52a2dc7128 (webtiles) character file.

Game seed: 381059560705301609

100 Bronimir the Ruffian (level 4, -2/43 HPs)
             Began as an Octopode Shapeshifter on Jan 21, 2024.
             Slain by Grinder (10 damage)
             ... on level 3 of the Dungeon.
             The game lasted 00:05:18 (1913 turns).

Bronimir the Ruffian (Octopode Shapeshifter)        Turns: 1913, Time: 00:05:19

Health: -2/43      AC:  1    Str: 12 (15) XL:     4   Next: 74%
Magic:  4/4        EV: 13    Int: 10 (12) God:
Gold:   143        SH:  0    Dex:  9 (11) Spells: 3/3 levels left

rFire   . .          .
                       - Unarmed
rCold   . . .        (no shield)
rNeg    . . .        (helmet currently unavailable)
rPois   .            (no amulet)
rElec   .            (no ring)
rCorr   .            (no ring)
SInv    .            (no ring)
Will    +....        (no ring) Stlth
                     (no ring)
HPRegen 0.27/turn    (no ring)
MPRegen 0.09/turn    (no ring)
                     (no ring)

%: no passive effects
@: berserking, beast-form, enlightened, flying, very quick
A: beast (slay +1), almost no armour, amphibious, 8 rings, camouflage 1,
gelatinous body 1, (nimble swimmer 1), tentacles
a: Begin Untransformation


You were on level 3 of the Dungeon.
You were a hulking beast.
You visited 1 branch of the dungeon, and saw 3 of its levels.

You collected 143 gold pieces.

Inventory:

Armour
 n - a scarf of repulsion
Talismans
 b - a beast talisman (active)
 c - a flux talisman
 s - a flux talisman
Scrolls
 d - a scroll of amnesia {unknown}
 e - a scroll of torment {unknown}
 h - a scroll of blinking {unknown}
 i - a scroll of fear {unknown}
 j - a scroll of teleportation {unknown}
 m - 2 scrolls of identify {unknown}
 q - a scroll of silence {unknown}
 r - a scroll of immolation {unknown}
Potions
 a - 2 potions of lignification
 f - a potion of curing
 k - a potion of cancellation
 p - a potion of might {unknown}


   Skills:
 + Level 1.7 Fighting
 * Level 2.4 Dodging
 + Level 1.9 Stealth
 * Level 4.1 Unarmed Combat
 + Level 3.4 Shapeshifting


You had 3 spell levels left.
You didn't know any spells.
Your spell library contained the following spells:

 Spells                   Type           Power      Damage    Failure   Level
 Magic Dart               Conj           0%         1d3       36%         1
 Searing Ray              Conj           0%         2d4       50%         2
 Fulminant Prism          Conj/Alch      0%         3d5       98%         4


Dungeon Overview and Level Annotations

Branches:
Dungeon (3/15)

Altars:

Annotations:
D:3 Grinder


Innate Abilities, Weirdness & Mutations

You are a hulking beast.
Your limbs bulge with bestial killing power. (Slay +1)
You cannot wear most types of armour.
You are amphibious.
You can wear up to eight rings at the same time.
Your skin changes colour to match your surroundings (Stealth+).
Your rubbery body absorbs attacks. (AC +1, EV +1)
((You are camouflaged when in or above water. (Stealth+)))
You have tentacles for arms and can constrict up to eight enemies at once.


Message History

Found a robe and 6 stones.
Grinder shouts!
Grinder gestures at you.
You suddenly lose the ability to move!
Grinder blinks!
You can move again.
No target in view!
Grinder hits you.
Attack: -) Tentacles
Press: ? - help, Dir - move target, f - Grinder
Aim: Grinder (about 38% to evade your tentacles)
Okay, then.
You barely miss Grinder. You grab Grinder. You constrict Grinder.
Grinder hits you!
You writhe in agony.
You are too injured to fight recklessly!
It was a potion of curing.
You feel better.
You constrict Grinder. Grinder hits you.
You writhe in agony.
It was a potion of cancellation.
You feel magically purged.
You constrict Grinder, but do no damage.
Grinder gestures at you. Pain shoots through your body!
* * * LOW HITPOINT WARNING * * *
It was a potion of degeneration.
There was something very wrong with that liquid.
You feel weakened.
You feel dopey.
You feel clumsy.
You constrict Grinder, but do no damage.
Grinder misses you.
It was a potion of enlightenment.
You feel very buoyant.
You fly up into the air.
You constrict Grinder. Grinder hits you but does no damage.
It was a potion of berserk rage.
A red film seems to cover your vision as you go berserk!
You feel yourself moving faster!
You feel mighty!
You constrict Grinder. Grinder closely misses you.
You bludgeon Grinder!
Grinder is moderately wounded.
You constrict Grinder. Grinder hits you!
You die...
Grinder says, "Hey, I wasn't done torturing you yet!"

#.# #.# #.#
#.# #.# #.#
#5#
######h###
.....([...#
#######)#.#
#.#.# ..#.#
.###.# ..
#.# ##.# ##
#.# ...# ..
#.#


You could see Grinder.

Vanquished Creatures
  An iguana (D:3)
  2 adders (D:2)
  A dart slug (D:1)
  7 endoplasms
  3 goblins
  6 hobgoblins
  11 jackals
  2 quokkas
  5 ball pythons (D:2)
  2 bats (D:1)
  2 frilled lizards
  6 kobolds
  3 rats
51 creatures vanquished.

Notes
Turn   | Place    | Note
-------+----------+-------------------------------------------
     0 | D:1      | Bronimir the Octopode Shapeshifter began the quest for the
                  | Orb.
     0 | D:1      | Reached XP level 1. HP: 13/13 MP: 1/1
    87 | D:1      | Reached XP level 2. HP: 13/18 MP: 2/2
   367 | D:1      | Reached skill level 1 in Stealth
   440 | D:1      | Reached XP level 3. HP: 23/23 MP: 3/3
  1442 | D:2      | Found a faded altar of an unknown god.
  1475 | D:2      | Reached XP level 4. HP: 25/28 MP: 4/4
  1813 | D:3      | Reached skill level 4 in Unarmed Combat
  1901 | D:3      | Noticed Grinder
  1902 | D:3      | Paralysed by Grinder for 2 turns
  1913 | D:3      | Slain by Grinder

Illustrated notes

Levels and vault maps discovered:
D:1:      doesnt_arrival_eight_statues, layout_rooms, serial_aquarium,
          aquarium_bridge_long_joined [aquarium_subvault_bridge,
          aquarium_subvault_window, aquarium_subvault_bridge,
          aquarium_subvault_wall, aquarium_subvault_wall,
          aquarium_subvault_wall], aquarium_window_fake, aquarium_window_fake,
          aquarium_window_fake, aquarium_window_1, aquarium_view_2d,
          aquarium_pool_five
D:2:      layout_loops_corners, ebering_ecumenical_altar_abandoned
D:3:      layout_basic, minmay_misc_feat_x, chequers_garden, uniq_grinder,
          uniq_jessica

Skill      XL: |  1  2  3  4 |
---------------+-------------+-----
Stealth        | 1 |  1.9
Unarmed Combat | 4 |  4.1
Fighting       | |  1.7
Dodging        | |  2.4
Shapeshifting  | |  3.4

Action                     |  1- 3 |  4- 6 || total
---------------------------+-------+-------++-------
  Melee: Unarmed           |    78 |    26 ||   104
         Tentacles         |    17 |     5 ||    22
         Constrict         |    18 |     4 ||    22
         Punch             |     2 |     2 ||     4
    Use: Potion            |       |     5 ||     5
   Stab: Sleeping          |     7 |     1 ||     8
 Armour: Skin              |    23 |    13 ||    36
  Dodge: Dodged            |    47 |    24 ||    71
   Form: Beast             |       |     1 ||     1
